 Dungeon Crawl Stone Soup version 0.19-a0-1732-g0b18a7b (webtiles) character file.

5 4thArraOfDagon the Ducker (level 1, -3/9 HPs)
             Began as a Spriggan Abyssal Knight on Sept 30, 2016.
             Was a Follower of Lugonu.
             Slain by an ice beast (11 damage)
             ... on level 2 of the Abyss.
             The game lasted 00:02:40 (371 turns).

4thArraOfDagon the Ducker (Spriggan Abyssal Knight)  Turns: 371, Time: 00:02:41

Health: -3/9       AC:  2    Str: 12 (13) XL:     1   Next: 66%
Magic:  3/3        EV: 18    Int: 10 (13) God:    Lugonu [*.....]
Gold:   17         SH:  0    Dex: 15      Spells: 0 memorised, 0 levels left

rFire  . . .     SeeInvis +     a - +1 short sword
rCold  . . .     Gourm    .     b - +0 robe
rNeg   . . .     Faith    .     (shield restricted)
rPois  .         Spirit   .     (helmet restricted)
rElec  .         Dismiss  .     (no cloak)
rCorr  .         Reflect  .     (gloves unavailable)
MR     .....     Harm     .     (boots unavailable)
Stlth  +.........               d - amulet of magic regeneration
                                (no ring)
                                (no ring)

@: confused, mighty, very quick
A: unfitting armour, see invisible, deterioration 1, herbivore 3, speed 3, frail
1, screaming 1, slow metabolism 2, sturdy frame 1
a: Depart the Abyss, Renounce Religion


You were on level 2 of the Abyss.
You worshipped Lugonu.
Lugonu was aware of your devotion.
You were not hungry.

You visited 0 branches of the dungeon, and saw 0 of its levels.
You visited the Abyss 1 time.

You collected 17 gold pieces.

Inventory:

Hand Weapons
 a - a +1 short sword (weapon)
 g - a cursed -2 blowgun
Armour
 b - a +0 robe (worn)
Jewellery
 d - an amulet of magic regeneration (around neck)
Scrolls
 e - a scroll of noise {unknown}
 f - 2 scrolls of enchant weapon {unknown}
Miscellaneous
 h - a sack of spiders
Comestibles
 c - a bread ration


   Skills:
 - Level 2.4 Fighting
 - Level 2.1 Short Blades
 - Level 3.5 Dodging
 * Level 2.2 Stealth
 - Level 1.7 Invocations


You couldn't memorise any spells.
You didn't know any spells.

Dungeon Overview and Level Annotations

Branches:
Dungeon (0/15)

Altars:


Innate Abilities, Weirdness & Mutations

You are very small and have problems with some larger weapons.
You are too small for most types of armour.
You have supernaturally acute eyesight. (SInv)
You are a herbivore.
You cover ground extremely quickly.
You need consume almost no food.
Your body sometimes deteriorates upon taking damage.
You are frail. (-10% HP)
You occasionally shout uncontrollably at your foes.
Your movements are slightly less encumbered by armour. (ER -2)


Message History

Unknown command.
You bump into the metal wall.
Unknown command.
The ice beast closely misses you.
Unknown command.
The raiju bursts into living lightning!
The living lightning misses you.
The raiju blinks!
Found 2 fuming green potions.
Unknown command.
Unknown command.
A small abomination comes into view.
A small abomination comes into view.
Unknown command.
Unknown command.
The lich casts a spell.
The raiju bites you but does no damage. The ice beast hits you.
Your body deteriorates!
You feel weakened. The ice beast freezes you!
Ouch! That really hurt!
You die...

.###.!.###...###....# #
..#.....#.....#....## ..
....................###..
........................
..................###..#
..##......##......# .#. .
............L.........#..
.........Y1....... ..#.#
.....x.h@..........#...##
...................## ...
....................##...
...................#. #.#
..##.x....##......#...# .
. #......##......#####..
........ ...... #. .
......... .. #.#.# #..#.


You could see a Brimstone Fiend, a lich (invisible), a raiju, an ice beast and 2
small abominations.

Vanquished Creatures
  An ufetubus (Abyss:2)
1 creature vanquished.

Notes
Turn   | Place    | Note
-------+----------+-------------------------------------------
     0 | Abyss:1  | 4thArraOfDagon the Spriggan Abyssal Knight began the quest for the Orb.
     0 | Abyss:1  | Reached XP level 1. HP: 11/11 MP: 3/3
    78 | Abyss:1  | Noticed a spatial vortex
    93 | Abyss:1  | Found a corrupted altar of Lugonu.
   119 | Abyss:1  | Noticed a mana viper
   119 | Abyss:1  | Noticed a neqoxec
   142 | Abyss:1  | Found a corrupted altar of Lugonu.
   151 | Abyss:1  | Noticed an ancient zyme
   153 | Abyss:1  | Gained mutation: Your body sometimes deteriorates upon taking damage. [a neqoxec]
   154 | Abyss:1  | Noticed a golden dragon zombie
   157 | Abyss:1  | Noticed a neqoxec
   158 | Abyss:1  | Noticed an iron imp
   164 | Abyss:1  | Noticed a crimson imp
   182 | Abyss:1  | Noticed a storm dragon skeleton
   182 | Abyss:1  | Noticed an apocalypse crab
   184 | Abyss:1  | Noticed a golden eye
   187 | Abyss:1  | Noticed a golden eye
   199 | Abyss:1  | Noticed an orange demon
   225 | Abyss:2  | Noticed a large abomination
   256 | Abyss:2  | Noticed a small abomination
   300 | Abyss:2  | Noticed a large abomination
   319 | Abyss:2  | Noticed a great orb of eyes
   319 | Abyss:2  | Paralysed by a great orb of eyes for 2 turns
   331 | Abyss:2  | Noticed a smoke demon
   332 | Abyss:2  | Noticed a small abomination
   344 | Abyss:2  | Noticed a lich
   348 | Abyss:2  | Noticed a raiju
   350 | Abyss:2  | Noticed an ice beast
   354 | Abyss:2  | Gained mutation: You occasionally shout uncontrollably at your foes. [potion of mutation]
   354 | Abyss:2  | Gained mutation: You are frail. (-10% HP) [potion of mutation]
   354 | Abyss:2  | Gained mutation: Your movements are slightly less encumbered by armour. (ER -2) [potion of mutation]
   367 | Abyss:2  | Noticed a small abomination
   369 | Abyss:2  | Noticed a small abomination
   371 | Abyss:2  | Slain by an ice beast

Vault maps used:

Skill      XL: |  1 |
---------------+----+-----
Stealth        | 2 |  2.2
Fighting       | |  2.4
Short Blades   | |  2.1
Dodging        | |  3.5
Invocations    | |  1.7

Action                   || total
-------------------------++-------
Melee: Short sword       ||     2
  Use: Potion            ||     3
Armor: Robe              ||     2
Dodge: Dodged            ||    11
